 Dungeon Crawl Stone Soup version 0.21-a0-331-gfb491b4 (webtiles) character file.

384 vishdafish the Conjurer (level 6, 0/47 HPs)
             Began as a Demonspawn Fire Elementalist on Oct 2, 2017.
             Was a Follower of Ru.
             Slain by an orc (4 damage)
             ... on level 3 of the Dungeon.
             The game lasted 00:15:18 (5012 turns).

vishdafish the Conjurer (DsFE)                      Turns: 5012, Time: 00:15:18

Health: 0/47       AC:  2    Str: 13    XL:     6   Next: 47%
Magic:  11/11      EV: 12    Int: 19    God:    Ru [*.....]
Gold:   96         SH:  0    Dex: 13    Spells: 11/12 levels left

rFire    + . .     SeeInvis .   k - +0 halberd
rCold    + + .     Gourm    .   (shield currently unavailable)
rNeg     . . .     Faith    .   a - +0 robe
rPois    +         Spirit   .   (no helmet)
rElec    +         Reflect  .   (no cloak)
rCorr    +         Harm     .   (no gloves)
MR       .....                  (no boots)
Stlth    ++........             (no amulet)
HPRegen  0.15/turn              d - ring of protection from cold
MPRegen  0.12/turn              t - ring of wizardry

@: mighty, resistant
A: claws 2, rot immunity, inability to read while threatened
a: Renounce Religion


You were on level 3 of the Dungeon.
You worshipped Ru.
Ru was aware of your devotion.
You were near starving.

You visited 1 branch of the dungeon, and saw 3 of its levels.
You also visited: Sewer.

You collected 96 gold pieces.

Inventory:

Hand Weapons
 f - a +1 short sword
 k - a +0 halberd (weapon)
Armour
 a - a +0 robe (worn)
Jewellery
 d - a ring of protection from cold (left claw)
 t - a ring of wizardry (right claw)
Scrolls
 h - 2 scrolls of teleportation {unknown}
 m - 2 scrolls of remove curse
Potions
 i - a potion of might
 l - a potion of heal wounds {unknown}
 n - a potion of haste {unknown}
 p - a potion of mutation {unknown}
 q - 3 potions of flight
 r - a potion of degeneration {unknown}
 s - a potion of berserk rage {unknown}
Books
 b - a book of Flames

   Spells                             Type                      Level
   a - Flame Tongue                   Conjuration/Fire             1
   b - Throw Flame                    Conjuration/Fire             2
   c - Conjure Flame                  Conjuration/Fire             3
   d - Inner Flame                    Hexes/Fire                   3
   e - Sticky Flame                   Conjuration/Fire             4
   f - Fireball                       Conjuration/Fire             5
Comestibles
 c - a bread ration
 g - 2 meat rations


   Skills:
 - Level 3.3 Fighting
 * Level 0.4 Polearms
 - Level 2.0 Dodging
 - Level 1.7 Stealth
 + Level 3.6 Spellcasting
 - Level 4.0 Conjurations
 - Level 3.0 Fire Magic


You had 11 spell levels left.
You knew the following spells:

 Your Spells              Type           Power        Failure   Level  Hunger
a - Flame Tongue          Conj/Fire      ###..        1%          1    None


Dungeon Overview and Level Annotations

Branches:
Dungeon (3/15)

Altars:
Ru

Annotations:
D:2 Sigmund


Innate Abilities, Weirdness & Mutations

You have very sharp fingernails.
You are immune to rotting.
You cannot read scrolls while threatened.


Message History

It was a potion of resistance.
You feel protected. The leopard gecko closely misses you.
The adder barely misses you.
You redirect the orc's attack!
The orc barely misses itself.
The leopard gecko barely misses you.
You barely miss the adder. The adder barely misses you.
The leopard gecko completely misses you.
The orc closely misses you. The adder barely misses you.
You barely miss the orc. The leopard gecko misses you. The adder bites you.
* * * LOW HITPOINT WARNING * * *
The orc misses you.
The leopard gecko completely misses you.
The adder bites you.
* * * LOW HITPOINT WARNING * * *
The orc closely misses you.
You barely miss the adder. The leopard gecko closely misses you.
The adder bites you.
* * * LOW HITPOINT WARNING * * *
The orc hits you.
You die...

#.##.##...###
####
#....#....##Z.
#...
####.#...##
g)S#...
#.#...# .$#...
#.#...# ###...
#.##'## ####
#########....#
#.....)......#
#.....l@..####
#.....So..#
#.%.......#
#.........#
............#
....(.......#
............#
............#
.....########


You could see an adder, an orc and a leopard gecko.

Vanquished Creatures
  A necrophage (D:2)
  An orc wizard (D:2)
  Jessica (D:2)
  4 gnolls (D:3)
  5 adders
  A river rat (D:3)
  7 oozes
  6 worms
  2 dart slugs
  3 leopard geckos
  2 orcs
  3 ball pythons
  8 giant cockroaches
  5 goblins
  9 hobgoblins
  8 jackals
  19 bats
  2 frilled lizards
  7 kobolds
  6 rats
100 creatures vanquished.

Vanquished Creatures (others)
  A plant (D:1)
1 creature vanquished.

Grand Total: 101 creatures vanquished

Notes
Turn   | Place    | Note
-------+----------+-------------------------------------------
     0 | D:1      | vishdafish the Demonspawn Fire Elementalist began the quest for the Orb.
     0 | D:1      | Reached XP level 1. HP: 13/13 MP: 3/3
   139 | D:1      | Gained mutation: You have sharp fingernails. [demonic ancestry]
   139 | D:1      | Reached XP level 2. HP: 19/19 MP: 1/5
   890 | D:1      | Reached skill level 2 in Conjurations
  1200 | D:2      | Gained mutation: You have very sharp fingernails. [demonic ancestry]
  1200 | D:2      | Reached XP level 3. HP: 25/25 MP: 4/6
  1208 | D:2      | Reached skill level 1 in Fighting
  1302 | D:2      | Noticed a necrophage
  1449 | D:2      | Killed a necrophage
  1449 | D:2      | Reached skill level 3 in Conjurations
  1449 | D:2      | Reached XP level 4. HP: 30/32 MP: 0/7
  1648 | D:2      | Noticed Jessica
  1653 | D:2      | Killed Jessica
  1653 | D:2      | Reached XP level 5. HP: 20/38 MP: 4/8
  1885 | D:2      | Reached skill level 4 in Conjurations
  2126 | D:2      | Noticed Sigmund
  2156 | D:3      | Found a glowing drain.
  2290 | Sewer    | Entered a sewer
  3013 | Sewer    | Gained mutation: You are immune to rotting. [demonic ancestry]
  3013 | Sewer    | Reached XP level 6. HP: 46/46 MP: 4/10
  3104 | D:3      | Found a faded altar of an unknown god.
  3108 | D:3      | Became a worshipper of Ru the Awakened
  3121 | D:3      | Gained mutation: You cannot read scrolls while threatened. [Ru sacrifice]
  3121 | D:3      | Reached * piety under Ru
  5012 | D:3      | Slain by an orc

Vault maps used:
D:1:      dpeg_arrival_rhombi, serial_bayou_lake_a
D:2:      columned_hall_lemuel, minmay_curled_crystal, uniq_sigmund,
          uniq_jessica
D:3:      chequers_ecumenical_altar_grove, portal_sewer_entry_a, first_bread,
          lightli_corner_chamber
Sewer:    sewer_fruit_machine

Skill      XL: |  1  2  3  4  5 |
---------------+----------------+-----
Dodging        | 2 |  2.0
Conjurations   | 2 3 4 |  4.0
Fire Magic     | 3 |  3.0
Fighting       | 2 3 |  3.3
Spellcasting   | 3 |  3.6
Polearms       | |  0.4
Stealth        | |  1.7

Action                   |  1- 3 |  4- 6 || total
-------------------------+-------+-------++-------
Melee: Short sword       |    27 |    62 ||    89
       Halberd           |       |    30 ||    30
Throw: Throwing net      |       |     1 ||     1
 Cast: Flame Tongue      |    40 |   134 ||   174
Invok: Sacrifice Words   |       |     1 ||     1
  Use: Scroll            |       |     7 ||     7
       Potion            |       |     8 ||     8
 Stab: Sleeping          |     1 |     4 ||     5
  Eat: Chunk             |     2 |     2 ||     4
       Bread ration      |       |     2 ||     2
Armor: Robe              |    16 |    43 ||    59
       Skin              |       |    15 ||    15
Dodge: Dodged            |    47 |   135 ||   182

Table legend:
 A = Spawn XP
 B = Non-spawn XP
 C = Spawn XP percentage of total XP
 D = Spawn monster count
 E = Non-spawn monster count
 F = Spawn count percentage of total count
 G = Total turns spent on level
                    A         B        C        D         E        F      G
               +---------+---------+-------+---------+---------+-------+---------
         Total |       0 |     549 |   0.0 |       0 |     100 |   0.0 |  5012
               +---------+---------+-------+---------+---------+-------+---------
           D:1 |       0 |      40 |   0.0 |       0 |      23 |   0.0 |  1155
           D:2 |       0 |     262 |   0.0 |       0 |      20 |   0.0 |  1209
           D:3 |       0 |     154 |   0.0 |       0 |      30 |   0.0 |  1895
         Sewer |       0 |      93 |   0.0 |       0 |      27 |   0.0 |   753
               +---------+---------+-------+---------+---------+-------+---------
